 Dungeon Crawl Stone Soup version 0.30-a0-830-gfe289a77b0 (webtiles) character file.

Game seed: 6641924293758187802

50 kiwi3s the Chopper (level 3, -2/49 HPs)
             Began as a Minotaur Berserker on Feb 28, 2023.
             Was a Believer of Trog.
             Slain by a gnoll
             ... wielding a +0 spear
              (6 damage)
             ... on level 3 of the Dungeon.
             The game lasted 00:01:16 (1215 turns).

kiwi3s the Chopper (Minotaur Berserker)             Turns: 1215, Time: 00:01:16

Health: -2/49      AC:  2    Str: 23    XL:     3   Next: 55%
Magic:  2/2        EV: 12    Int:  4    God:    Trog [**....]
Gold:   133        SH:  0    Dex:  9    Spells: 2/2 levels left

rFire   . . .      SeeInvis .    a - +0 hand axe
rCold   . . .      Faith    .    (no shield)
rNeg    . . .      Spirit   .    b - +0 animal skin
rPois   .          Reflect  .    (helmet restricted)
rElec   .          Harm     .    (no cloak)
rCorr   .          Rampage  .    (no gloves)
Will    .....                    (no boots) Stlth
                                 (no amulet)
HPRegen 0.28/turn                (no ring)
MPRegen 0.08/turn                (no ring)

@: berserking, very quick
A: horns 2, retaliatory headbutt
a: Renounce Religion, Berserk, Trog's Hand


You were on level 3 of the Dungeon.
You worshipped Trog.
Trog was pleased with you.
You visited 1 branch of the dungeon, and saw 3 of its levels.

You collected 133 gold pieces.

Inventory:

Hand Weapons
 a - a +0 hand axe (weapon)
Armour
 b - a +0 animal skin (worn)
 g - a scarf of shadows
Scrolls
 c - 2 scrolls of teleportation {unknown}
 d - a scroll of fear {unknown}
 e - 2 scrolls of vulnerability {unknown}
 f - 3 scrolls of identify {unknown}
 h - a scroll of enchant weapon {unknown}
 m - a scroll of blinking {unknown}
Potions
 i - a potion of cancellation {unknown}
 j - a potion of mutation {unknown}
 k - a potion of flight {unknown}
 l - a potion of heal wounds {unknown}
 n - a potion of curing {unknown}


   Skills:
 + Level 4.2 Fighting
 + Level 4.2 Axes
 + Level 3.2 Armour
 + Level 2.8 Dodging


You had 2 spell levels left.
You didn't know any spells.
Your spell library was empty.

Dungeon Overview and Level Annotations

Branches:
Dungeon (3/15)

Altars:
Xom


Innate Abilities, Weirdness & Mutations

You have a pair of horns on your head.
You reflexively headbutt those who attack you in melee.


Message History

You completely miss the gnoll.
The gnoll shouts!
Your headbutt misses the gnoll. The gnoll hits you with a +0 club.
There are monsters nearby!
You hit the gnoll but do no damage. You headbutt the gnoll.
The gnoll is heavily wounded.
The gnoll hits you from afar with a +0 spear.
There are monsters nearby!
You slash the gnoll!
You kill the gnoll!
Trog accepts your kill. The gnoll completely misses you.
The gnoll barely misses you.
The gnoll hits you from afar with a +0 spear!
You slash the gnoll! Your headbutt misses the gnoll.
The gnoll is severely wounded.
The gnoll hits you from afar with a +0 spear.
You hit the gnoll.
The gnoll is almost dead.
The gnoll hits you with a +0 spear!
The gnoll hits you from afar with a +0 spear.
You are too injured to fight recklessly!
You are too injured to fight recklessly!
You are too injured to fight recklessly!
You are too injured to fight recklessly!
A red film seems to cover your vision as you go berserk!
You feel yourself moving faster!
You feel mighty!
The gnoll hits you from afar with a +0 spear.
* * * LOW HITPOINT WARNING * * *
The gnoll misses you.
You barely miss the gnoll.
The gnoll is almost dead.
The gnoll closely misses you.
The gnoll hits you from afar with a +0 spear!
* * * LOW HITPOINT WARNING * * *
You closely miss the gnoll.
The gnoll is almost dead.
The gnoll barely misses you.
The gnoll hits you from afar with a +0 spear.
You die...

# #...# ####.##. #.:.#
#...... #...######
#.#..# #.... ...#
#.#..## ##...####.##
#.....# .
...........###.#.#.# ...
...<........[..#g.#.....
............##..@.g.....
.......##.#.#..)#####...
.#........#.##....
.#...#.#####...#.##
.#...#.# #..$#.#
.....#[# #.#....
.......# #...#.##
.....### #####.$ .###.#


You could see 2 gnolls.

Vanquished Creatures
  A gnoll (D:3)
  A dart slug (D:3)
  7 ball pythons
  7 endoplasms
  3 giant cockroaches
  5 hobgoblins
  2 quokkas (D:2)
  A frilled lizard (D:2)
  3 goblins
  2 kobolds (D:2)
  3 rats
35 creatures vanquished.

Notes
Turn   | Place    | Note
-------+----------+-------------------------------------------
     0 | D:1      | kiwi3s the Minotaur Berserker began the quest for the Orb.
     0 | D:1      | Reached XP level 1. HP: 19/19 MP: 0/0
   166 | D:1      | Reached XP level 2. HP: 24/27 MP: 1/1
   767 | D:2      | Reached ** piety under Trog
   846 | D:2      | Found a faded altar of an unknown god.
   904 | D:2      | Reached XP level 3. HP: 33/33 MP: 2/2
   993 | D:2      | Found a shimmering altar of Xom.
  1215 | D:3      | Slain by a gnoll

Illustrated notes

Levels and vault maps discovered:
D:1:      dpeg_arrival_three_same_balls, layout_loops_ring,
          hangedman_decor_growths
D:2:      layout_rooms, ebering_ecumenical_altar_box, basic_altar
D:3:      layout_loops_cross, portal_sewer_entry_b,
          chequers_serial_rivers_small_b, hangedman_abyss_or_decor_stabs

Skill      XL: |  1  2 |
---------------+-------+-----
Axes           | 4 |  4.2
Fighting       | 4 |  4.2
Armour         | 3 |  3.2
Dodging        | |  2.8

Action                     || total
---------------------------++-------
  Melee: Hand axe          ||    71
         Headbutt          ||     8
         Punch             ||     1
 Invoke: Berserk           ||     1
 Armour: Animal skin       ||     7
  Dodge: Dodged            ||    54

Table legend: (Time is in decaauts)
 A = Elapsed time spent in this place.
 B = Non-inter-level travel time spent in this place.
 C = Inter-level travel time spent in this place.
 D = Time resting spent in this place.
 E = Time spent auto-exploring this place.
 F = Levels seen in this place.
 G = Mean time per level.
                   A        B        C        D        E       F      G
               +--------+--------+--------+--------+--------+-----+--------+
         Total |   1221 |   1164 |     57 |      0 |    951 |   3 |  407.0 |
       Dungeon |   1221 |   1164 |     57 |      0 |    951 |   3 |  407.0 |
               +--------+--------+--------+--------+--------+-----+--------+

Top non-repeatable levels by time:
     D:1: 741 daAuts
     D:2: 433 daAuts
     D:3: 46 daAuts
